 Dungeon Crawl Stone Soup version 0.31-a0-675-g238779eb0a (webtiles) character file.

Game seed: 15157997874427502826

9 Essalna the Conjurer (level 2, 0/19 HPs)
             Began as a Demonspawn Conjurer on Sept 5, 2023.
             Slain by a hobgoblin (3 damage)
             ... on level 1 of the Dungeon.
             The game lasted 00:00:33 (215 turns).

Essalna the Conjurer (Demonspawn Conjurer)           Turns: 215, Time: 00:00:33

Health: 0/19       AC:  2    Str:  7    XL:     2   Next: 3%
Magic:  5/5        EV: 12    Int: 19    God:
Gold:   0          SH:  0    Dex: 11    Spells: 4/5 levels left

rFire   . . .        (no weapon)
rCold   . . .        (no shield)
rNeg    . . .        a - +0 robe
rPois   .            (no helmet)
rElec   .            (no cloak)
rCorr   .            (no gloves)
SInv    .            (no boots)
Will    .....        (no amulet)
Stlth   ++           (no ring)
HPRegen 0.23/turn    (no ring)
MPRegen 0.09/turn

%: no passive effects
@: no status effects
A: weakness stinger 1
a: no special abilities


You were on level 1 of the Dungeon.
You visited 1 branch of the dungeon, and saw 1 of its levels.

Inventory:

Armour
 a - a +0 robe (worn)
Potions
 b - a potion of magic


   Skills:
 - Level 1.7 Dodging
 - Level 1.7 Stealth
 + Level 2.3 Spellcasting
 + Level 4.2 Conjurations


You had 4 spell levels left.
You knew the following spells:

 Your Spells              Type           Power      Damage    Failure   Level
a - Magic Dart            Conj           72%        1d6       2%          1

Your spell library contained the following spells:

 Spells                   Type           Power      Damage    Failure   Level
 Searing Ray              Conj           36%        2d5       4%          2
 Dazzling Flash           Conj/Hex       20%        N/A       21%         3
 Fulminant Prism          Conj/Hex       5%         3d6       56%         4
 Iskenderun's Mystic Bla  Conj/Tloc      10%        2d4       56%         4


Dungeon Overview and Level Annotations

Branches:
Dungeon (1/15)

Altars:

Shops:
D:1 [


Innate Abilities, Weirdness & Mutations

You have a small tail.


Message History

The magic dart hits the hobgoblin.
You kill the hobgoblin!
You have reached level 2!
Your demonic ancestry asserts itself...
You grow a small tail.
A hobgoblin comes into view.
The rat closely misses you. The rat bites you. The rat barely misses you.
The rat bites you. The rat barely misses you. The rat closely misses you.
The hobgoblin hits you. The rat bites you. The hobgoblin hits you.
The rat bites you but does no damage. The hobgoblin barely misses you.
The rat barely misses you. The hobgoblin hits you. The rat bites you.
The hobgoblin hits you but does no damage.
The rat barely misses you.
The hobgoblin hits you but does no damage.
The rat barely misses you.
The hobgoblin hits you but does no damage.
The rat closely misses you. The hobgoblin closely misses you.
The rat closely misses you. The hobgoblin misses you.
The rat closely misses you.
The hobgoblin hits you but does no damage.
The rat barely misses you. The hobgoblin barely misses you.
The rat barely misses you.
The hobgoblin hits you but does no damage.
The rat bites you. The hobgoblin hits you. The rat misses you.
The hobgoblin hits you.
* * * LOW HITPOINT WARNING * * *
The rat closely misses you.
The hobgoblin hits you but does no damage.
The rat barely misses you.
The hobgoblin hits you but does no damage.
The rat bites you.
* * * LOW HITPOINT WARNING * * *
The hobgoblin hits you.
You die...

...............
...............
...............
...............
............>........
.............†.....#
....#......gr....# . ...
#...#@# ..
..####....########### ...
.................(.. ....
#.....#.........%...
.....##.######............
......8.....8....⌠.⌠......
.#.#..#.....#.....∩.......
#....#..<..#....⌠.⌠......
#....#.....#.............


You could see a hobgoblin and a rat.

Vanquished Creatures
  A dart slug (D:1)
  A bat (D:1)
  An endoplasm (D:1)
  A giant cockroach (D:1)
  A hobgoblin (D:1)
  A rat (D:1)
6 creatures vanquished.

Notes
Turn   | Place    | Note
-------+----------+-------------------------------------------
     0 | D:1      | Essalna the Demonspawn Conjurer began the quest for the
                  | Orb.
     0 | D:1      | Reached XP level 1. HP: 13/13 MP: 3/3
    56 | D:1      | Found Jychuc's Antique Armour Shop.
   188 | D:1      | Gained mutation: You have a small tail. [demonic ancestry]
   188 | D:1      | Reached XP level 2. HP: 19/19 MP: 3/5
   215 | D:1      | Slain by a hobgoblin

Illustrated notes

Levels and vault maps discovered:
D:1:      scummos_arrival_simple_crosswalls, layout_rooms, serial_shops,
          shop_fountains, minmay_misc_feat_chi, minmay_misc_feat_doors,
          serial_bayou_lake_a

Action                     || total
---------------------------++-------
  Melee: Unarmed           ||    25
   Cast: Magic Dart        ||    14
 Armour: Robe              ||    28
  Dodge: Dodged            ||    41

Table legend: (Time is in decaauts)
 A = Elapsed time spent in this place.
 B = Non-inter-level travel time spent in this place.
 C = Inter-level travel time spent in this place.
 D = Time resting spent in this place.
 E = Time spent auto-exploring this place.
 F = Levels seen in this place.
 G = Mean time per level.
                   A        B        C        D        E       F      G
               +--------+--------+--------+--------+--------+-----+--------+
         Total |    215 |    215 |      0 |      0 |    126 |   1 |  215.0 |
       Dungeon |    215 |    215 |      0 |      0 |    126 |   1 |  215.0 |
               +--------+--------+--------+--------+--------+-----+--------+

Top non-repeatable levels by time:
     D:1: 215 daAuts
